Map: Année zéro EC

Players

Hellspawn

  • Race: Terran Terran
  • League: Diamond
  • Spawn Location: 11:00

Sorandom - Winner!

  • Race: Zerg Zerg
  • League: Diamond
  • Spawn Location: 1:00

VOD

Have the link to the VOD?

Description

Time

  • Played on: April 12, 2019, 6:14 p.m.
  • Length: 15:24
Show
View Real Time Build Order
Export as new Build Order

Hellspawn Terran 

Build Orders: 1/1/1, Liberator Opening 

Get SALT Encoding   

  12  0:01  SCV  
  13  0:13  SCV  
  14  0:21  Supply Depot  
  14  0:25  SCV  
  15  0:30  Refinery  
  15  0:43  SCV  
  15  0:48  Barracks  
  16  0:56  SCV  
  17  1:00  Refinery  
  17  1:08  SCV  
  18  1:20  SCV  
  19  1:34  Orbital Command  
  19  1:38  Factory  
  19  1:39  Marine  
  20  1:51  Supply Depot  
  20  1:57  Marine  
  21  2:03  SCV  
  22  2:15  Marine  
  23  2:21  Starport  
  23  2:23  Factory Tech Lab  
  23  2:28  SCV  
  24  2:42  Marine  
  25  2:48  Supply Depot  
  25  2:55  Liberator  
  25  2:56  SCV  
  26  3:02  Fusion Core  
  26  3:08  SCV  
  30  3:14  Widow Mine  
  32  3:20  Supply Depot, SCV  
  33  3:35  SCV  
  33  3:37  Liberator  
  37  3:56  Command Center  
  37  3:57  Advanced Ballistics  
  37  4:09  Factory Reactor  
  37  4:22  Liberator  
  37  4:24  Barracks Tech Lab, Supply Depot  
  37  4:44  Marine  
  41  4:47  Stimpack  
  41  5:02  Supply Depot  
  41  5:05  Barracks  
  41  5:06  Barracks  
  41  5:08  Engineering Bay  
  41  5:09  Supply Depot  
  41  5:11  SCV  
  42  5:15  Marine  
  43  5:26  Orbital Command  
  43  5:36  Liberator  
  43  5:38  Marauder  
  46  5:50  SCV  
  46  5:55  Barracks Reactor  
  46  5:56  Barracks Reactor  
  49  5:59  Marine  
  50  6:05  SCV  
  50  6:08  Refinery  
  51  6:14  Supply Depot  
  51  6:15  SCV  
  52  7:00  Marine  
  52  7:01  Marine x4  
  54  7:03  SCV  
  58  7:18  Marauder  
  60  7:24  SCV  
  60  7:27  Siege Tank  
  60  7:29  Medivac x2  
  68  7:36  Supply Depot  
  68  7:38  SCV  
  68  7:39  Marine x3  
  68  7:40  Marine x2  
  68  7:43  Terran Infantry Weapons Level 1  
  74  7:47  Armory  
  74  7:51  Factory  
  74  7:56  Refinery  
  74  7:57  Marauder  
  74  7:58  Missile Turret, Marine  
  77  8:15  SCV  
  77  8:17  Marine  
  77  8:18  Marine  
  77  8:24  Missile Turret  
  71  8:29  Missile Turret  
  71  8:31  Missile Turret, Marine x3  
  71  8:32  Medivac x2  
  71  8:33  Missile Turret  
  75  8:35  Marine  
  75  8:36  SCV, Marine  
  75  8:38  Factory Tech Lab  
  78  8:47  Supply Depot  
  78  8:48  Marine  
  78  8:49  SCV, Marine x2  
  78  8:53  Marine  
  78  8:54  Marauder  
  85  9:02  Medivac  
  87  9:05  Combat Shield  
  87  9:06  Marine x2  
  87  9:07  Marine  
  87  9:09  SCV  
  91  9:12  Marine  
  91  9:16  Marauder, Supply Depot  
  94  9:22  SCV  
  95  9:28  Siege Tank  
  95  9:31  Thor  
  98  9:32  Marine  
  98  9:37  Marauder  
  107  9:49  Missile Turret  
  107  9:58  Marauder  
  107  9:59  Command Center  
  105  10:13  Marine  
  84  10:14  Marine x3  
  84  10:20  Marauder  
  87  10:31  Marine  
  87  10:32  Marine x3  
  91  10:39  Terran Infantry Weapons Level 2  
  91  10:41  Marauder  
  93  10:49  Marine  
  94  10:50  Marine x2  
  96  11:01  Refinery  
  96  11:02  Marauder  
  96  11:03  Marine  
  99  11:05  Medivac  
  99  11:07  Marine x2  
  103  11:24  Marauder  
  100  11:28  Marine  
  77  11:38  Marine  
  77  11:39  Marine x2  
  76  11:45  Marauder, Marine  
  79  11:49  Medivac  
  81  11:56  Marine x3  
  81  11:57  Orbital Command  
  84  12:03  Marine  
  84  12:07  Marauder  
  87  12:14  Marine x3  
  86  12:21  Marine  
  81  12:28  Marauder  
  82  12:32  Marine x3  
  79  12:39  Marine  
  78  12:49  Marauder  
  78  12:50  Marine x3  
  77  12:57  Marine  
  74  13:01  Siege Tank  
  75  13:07  Marine  
  75  13:08  Marine x2  
  75  13:11  Marauder  
  76  13:14  Marine  
  67  13:25  Marine x2  
  67  13:26  Marine  
  66  13:30  Medivac x2  
  66  13:32  Marine x2  
  66  13:33  Siege Tank  
  75  13:37  SCV  
  76  13:42  SCV  
  76  13:43  Refinery, Marine x3  
  80  13:50  Marauder, Marine  
  83  14:00  SCV  
  83  14:01  Marine x3  
  87  14:08  Marine  
  87  14:09  Thor  
  94  14:11  Marauder  
  96  14:19  Marine x3  
  96  14:21  Hellbat  
  101  14:26  Marine  
  103  14:31  SCV  
  103  14:33  Marauder  
  103  14:36  Marine  
  103  14:37  Marine  
  104  14:46  Marine x2  
  106  14:54  Marauder  
Show
View Real Time Build Order
Export as new Build Order

Sorandom Zerg - Winner!

Build Orders: Pool First 

Get SALT Encoding   

  12  0:01  Drone  
  13  0:13  Overlord  
  13  0:19  Drone  
  14  0:31  Drone x2  
  16  0:36  Drone  
  17  0:48  Overlord  
  17  0:53  Spawning Pool  
  16  0:57  Drone  
  17  1:20  Hatchery  
  17  1:23  Drone  
  17  1:24  Drone  
  18  1:29  Drone  
  19  1:40  Queen  
  19  1:43  Zergling x2  
  22  1:49  Extractor  
  21  1:55  Zergling x2  
  21  2:00  Drone  
  23  2:14  Drone  
  24  2:16  Queen  
  26  2:23  Drone  
  27  2:32  Queen  
  27  2:33  Drone x2  
  30  2:45  Zergling x4  
  32  2:54  Baneling Nest, Queen  
  32  2:58  Zergling x4  
  35  3:04  Spine Crawler, Overlord  
  34  3:18  Overlord  
  34  3:22  Metabolic Boost  
  34  3:24  Zergling x2  
  35  3:36  Queen  
  37  3:45  Drone x5  
  42  3:51  Baneling  
  42  3:52  Baneling x3  
  42  3:53  Drone  
  43  4:05  Overlord  
  43  4:06  Overlord  
  43  4:25  Hatchery  
  43  4:27  Drone x3  
  45  4:41  Lair  
  45  4:44  Extractor  
  45  4:45  Drone x3  
  46  4:47  Drone x2  
  49  5:02  Spore Crawler  
  48  5:07  Spore Crawler  
  48  5:10  Drone x5  
  48  5:12  Spore Crawler  
  51  5:19  Spore Crawler  
  49  5:29  Drone x4  
  48  5:49  Spore Crawler  
  46  5:52  Spire, Drone x6  
  46  5:53  Drone x2  
  46  5:56  Drone  
  54  6:13  Drone x3  
  54  6:14  Drone  
  54  6:15  Evolution Chamber  
  54  6:16  Evolution Chamber  
  54  6:18  Extractor x2  
  54  6:23  Spore Crawler  
  53  6:27  Spore Crawler  
  52  6:38  Drone  
  52  6:39  Drone x5  
  57  6:55  Extractor  
  57  6:56  Drone x2  
  57  6:59  Overlord x6  
  58  7:04  Zerg Missile Weapons Level 1  
  58  7:07  Zerg Flyer Weapons Level 1  
  58  7:23  Corruptor x2  
  58  7:26  Corruptor  
  64  7:36  Drone x8  
  72  7:48  Corruptor x2  
  76  8:00  Corruptor  
  78  8:06  Corruptor  
  78  8:08  Zergling x2  
  78  8:09  Zergling x8  
  80  8:21  Corruptor  
  80  8:24  Zergling x2  
  82  8:40  Pneumatized Carapace  
  82  8:43  Zerg Ground Armor Level 1  
  82  8:46  Zergling x14  
  82  8:47  Zergling x8  
  93  8:53  Drone  
  93  8:54  Spine Crawler, Drone  
  94  8:59  Drone x3  
  97  9:05  Drone x4  
  101  9:10  Baneling  
  101  9:11  Baneling x2  
  101  9:23  Overlord x2  
  102  9:24  Drone x5  
  106  9:39  Overlord  
  106  9:40  Overlord x4  
  105  9:58  Zergling x6  
  105  9:59  Zergling x14  
  108  10:10  Zergling x2  
  108  10:11  Zergling x8  
  104  10:20  Drone  
  103  10:21  Zergling x2  
  101  10:30  Zergling x2  
  101  10:31  Zergling x4  
  101  10:34  Zerg Melee Weapons Level 1  
  104  10:37  Zerg Flyer Weapons Level 2  
  104  10:39  Zergling x2  
  104  10:40  Zergling x2  
  104  10:41  Baneling x13  
  104  10:42  Baneling, Centrifical Hooks  
  106  10:44  Zergling x4  
  108  10:57  Zergling x2  
  108  10:58  Zergling x6  
  108  11:02  Hatchery  
  111  11:06  Zergling x2  
  111  11:07  Zergling x12  
  118  11:12  Spore Crawler, Zerg Ground Armor Level 2  
  118  11:13  Zergling x10  
  118  11:17  Extractor  
  104  11:29  Zergling x6  
  96  11:34  Zergling x2  
  96  11:35  Zergling x4  
  99  11:42  Drone x7  
  99  11:45  Infestation Pit, Queen x3  
  111  11:55  Zergling x6  
  111  11:56  Baneling  
  111  11:57  Baneling x13  
  111  11:58  Zergling x2  
  111  11:59  Zergling x2  
  116  12:06  Zergling x2  
  114  12:11  Zergling x10  
  114  12:15  Zergling x4  
  109  12:21  Zergling x2  
  104  12:23  Zergling x2  
  104  12:26  Zergling x4  
  104  12:36  Zergling x8  
  104  12:43  Zergling x8  
  104  12:50  Zergling x2  
  99  12:51  Baneling x6  
  99  12:54  Zerg Flyer Armor Level 1  
  99  12:57  Zerg Melee Weapons Level 2  
  97  12:59  Zergling x6  
  97  13:04  Zergling x2  
  97  13:05  Zergling x6  
  104  13:12  Corruptor x6  
  101  13:19  Zergling x2  
  108  13:27  Zergling x2  
  108  13:28  Zergling x10  
  114  13:44  Zergling x10  
  114  13:45  Zergling x8  
  123  13:49  Hatchery  
  123  13:51  Baneling x4  
  123  13:52  Zergling x6, Baneling x5  
  125  13:56  Hive  
  125  14:10  Zergling x2  
  125  14:11  Zergling x22  
  137  14:18  Zergling x8  
  137  14:21  Drone x2  
  143  14:26  Spine Crawler, Spore Crawler  
  143  14:31  Overlord x2  
  141  14:32  Zergling x8  
  141  14:37  Zergling x2  
  141  14:38  Zergling x10  
  150  14:48  Zergling x2  
  150  14:49  Zergling x6  
  154  14:54  Zergling x4  
Tags
 
Add a new tag
Caveats
  • Supply blocks, unpowered buildings, or Contaminate may cause inaccurate times.
  • Supply counts are checked every 10 seconds.